 Dungeon Crawl Stone Soup version 0.28.0-62-gf88900778d (webtiles) character file.

Game seed: 10382632354681736225

129 cbfl8 the Covered (level 4, -2/40 HPs)
             Began as a Minotaur Fighter on Aug 25, 2023.
             Slain by Grinder (4 damage)
             ... while paralysed by Grinder
             ... on level 3 of the Dungeon.
             The game lasted 00:02:05 (2981 turns).

cbfl8 the Covered (Minotaur Fighter)                Turns: 2981, Time: 00:02:06

Health: -2/40      AC:  9    Str: 21    XL:     4   Next: 88%
Magic:  3/3        EV:  2    Int:  5    God:
Gold:   65         SH:  0    Dex: 11    Spells: 3/3 levels left

rFire   . . .      SeeInvis .   a - +0 war axe
rCold   . . .      Faith    +   c - +0 buckler
rNeg    . . .      Spirit   .   n - +0 chain mail
rPois   .          Reflect  .   (helmet restricted)
rElec   .          Harm     .   (no cloak)
rCorr   .          Rampage  .   (no gloves)
Will    .....                   (no boots)
Stlth   ..........              m - amulet of faith
HPRegen 0.13/turn               (no ring)
MPRegen 0.08/turn               (no ring)

@: paralysed
A: horns 2, retaliatory headbutt
a: no special abilities


You were on level 3 of the Dungeon.
You visited 1 branch of the dungeon, and saw 3 of its levels.

You collected 65 gold pieces.

Inventory:

Hand Weapons
 a - a +0 war axe (weapon)
Armour
 c - a +0 buckler (worn)
 n - a +0 chain mail (worn)
Jewellery
 m - an amulet of faith (around neck)
Wands
 o - a wand of flame (1) (quivered)
Scrolls
 k - a scroll of holy word {unknown}
 p - a scroll of vulnerability {unknown}
Potions
 b - a potion of flight {unknown}
 d - 2 potions of might
 e - 3 potions of curing {unknown}
 f - a potion of brilliance {unknown}
 g - 3 potions of attraction {unknown}
 h - a potion of berserk rage {unknown}
 i - a potion of degeneration {unknown}
 j - a potion of mutation {unknown}
 l - a potion of haste {unknown}
 q - a potion of lignification {unknown}


   Skills:
 + Level 4.1 Fighting
 + Level 3.7 Axes
 + Level 4.7 Armour
 + Level 4.2 Shields
 * Level 1.6 Evocations


You had 3 spell levels left.
You didn't know any spells.
Your spell library contained the following spells:

 Spells                   Type           Power      Damage    Failure   Level
 Animate Skeleton         Necr           0%         N/A       99%         1
 Apportation              Tloc           0%         N/A       99%         1
 Summon Small Mammal      Summ           0%         N/A       99%         1


Dungeon Overview and Level Annotations

Branches:
Dungeon (3/15)

Altars:
Nemelex Xobeh
Vehumet

Shops:
D:3 [

Annotations:
D:3 Grinder


Innate Abilities, Weirdness & Mutations

You have a pair of horns on your head.
You reflexively headbutt those who attack you in melee.


Message History

The puff of flame hits Grinder!
Grinder is moderately wounded.
Grinder gestures at you.
You suddenly lose the ability to move!
The frilled lizard bites you but does no damage.
Grinder hits you but does no damage. The frilled lizard bites you.
Grinder gestures at you. Pain shoots through your body!
The frilled lizard bites you but does no damage.
Grinder blinks!
The frilled lizard barely misses you.
The frilled lizard bites you but does no damage.
Grinder blinks!
The frilled lizard bites you but does no damage.
The frilled lizard bites you.
You can move again.
Aiming: Throw Flame
Press: ? - help, Q - select action Shift-Dir - straight line, f - frilled lizard
Aim: a frilled lizard (53% to hit)
The puff of flame hits the frilled lizard.
You kill the frilled lizard!
Unknown command.
Grinder gestures at you. Pain shoots through your body!
You are too injured to fight recklessly!
Grinder gestures at you.
You barely resist. Grinder hits you.
* * * LOW HITPOINT WARNING * * *
You hit Grinder.
Grinder is heavily wounded.
Grinder hits you.
* * * LOW HITPOINT WARNING * * *
Grinder hits you but does no damage. Grinder gestures at you.
You suddenly lose the ability to move!
Grinder hits you but does no damage. Grinder hits you.
* * * LOW HITPOINT WARNING * * *
You writhe in agony.
You die...

##...##.#....##...........#
###..........#....########
####..##.#......###
#....#.#.........
#####..###.#.........
#.......##..)......
##.#####.# #....... #..#
#.# #.....# # #.######.##
#...@# .. ..........#
#...5# .. #.######..#
#..#.## .##
..######..###.....#...#
..............#.#...#.#
.#######.)......†.....###
....# #..†..............
....# ###.#..###.........
....###...#..##.......#..


You could see Grinder.

Vanquished Creatures
  A hound (D:3)
  Ijyb (D:3)
  3 adders
  2 dart slugs (D:3)
  2 endoplasms (D:3)
  2 giant cockroaches (D:1)
  6 hobgoblins
  A quokka (D:3)
  6 ball pythons
  5 bats
  5 frilled lizards
  3 goblins
  8 kobolds
  3 rats
48 creatures vanquished.

Notes
Turn   | Place    | Note
-------+----------+-------------------------------------------
     0 | D:1      | cbfl8 the Minotaur Fighter began the quest for the Orb.
     0 | D:1      | Reached XP level 1. HP: 19/19 MP: 0/0
   111 | D:1      | Found a faded altar of an unknown god.
   414 | D:1      | Reached XP level 2. HP: 27/27 MP: 1/1
  1053 | D:2      | Reached XP level 3. HP: 30/33 MP: 2/2
  1609 | D:2      | Identified the +5 mace of the Bouncing Ziggurats {drain,
                  | rC+ Stlth+}
  1635 | D:3      | Found a radiant altar of Vehumet.
  1666 | D:3      | Reached skill level 1 in Evocations
  1674 | D:3      | Noticed Ijyb
  1677 | D:3      | Reached XP level 4. HP: 36/40 MP: 3/3
  2155 | D:3      | Noticed Grinder
  2195 | D:3      | Killed Ijyb
  2685 | D:3      | Found Niowic's Armour Boutique.
  2746 | D:3      | Found a sparkling altar of Nemelex Xobeh.
  2957 | D:3      | Paralysed by Grinder for 2 turns
  2961 | D:3      | Paralysed by Grinder for 7 turns
  2976 | D:3      | HP: 2/40 [Grinder (6)]
  2978 | D:3      | Paralysed by Grinder for 5 turns
  2981 | D:3      | HP: 2/40 [Grinder (1)]
  2981 | D:3      | Slain by Grinder

Illustrated notes

Levels and vault maps discovered:
D:1:      shiori_arrival_elements, layout_loops_corners,
          ebering_ecumenical_altar_hall
D:2:      layout_loops_ring
D:3:      layout_rooms, nicolae_vehumet_radiance,
          mainiacjoe_overflow_six_doors_small, serial_shops, shop_statue,
          uniq_grinder, uniq_ijyb

Skill      XL: |  1  2  3 |
---------------+----------+-----
Armour         | 4 |  4.7
Shields        | 4 |  4.2
Fighting       | 4 |  4.1
Axes           | 3 |  3.7
Evocations     | 1 |  1.6

Action                   |  1- 3 |  4- 6 || total
-------------------------+-------+-------++-------
Melee: War axe           |    67 |    45 ||   112
       Headbutt          |     4 |     8 ||    12
Evoke: Wand              |       |     3 ||     3
Armor: Scale mail        |    35 |       ||    35
       Chain mail        |     5 |    32 ||    37
Dodge: Dodged            |    27 |    13 ||    40
Block: Buckler           |    17 |    13 ||    30
